Map: 로스트 앤 파운드 - 래더

Players

FanTaSy

  • Race: Terran Terran
  • League: Diamond
  • Spawn Location: 1:00

LiquidMaNa (MaNa) - Winner!

  • Race: Protoss Protoss
  • League: Grandmaster
  • Spawn Location: 7:00

Event: HomeStory Cup XVII

VOD

Have the link to the VOD?

Description

Time

  • Played on: June 30, 2018, 7:47 a.m.
  • Length: 18:27

All games in this series

Show
View Real Time Build Order
Export as new Build Order

FanTaSy Terran 

Build Orders: Cyclone Opening, MMM Bio 

Get SALT Encoding   

  12  0:00  SCV  
  13  0:12  SCV  
  14  0:18  Supply Depot  
  14  0:24  SCV  
  15  0:40  SCV, Barracks  
  16  0:46  Refinery  
  16  0:52  SCV  
  16  0:57  Refinery  
  17  1:05  SCV  
  18  1:17  SCV  
  19  1:28  Reaper  
  19  1:29  Orbital Command  
  20  1:38  Supply Depot  
  20  1:43  Factory  
  20  1:54  SCV  
  21  2:06  SCV  
  22  2:13  Barracks Tech Lab  
  22  2:19  SCV  
  23  2:28  Cyclone  
  26  2:31  SCV  
  26  2:32  Supply Depot  
  29  2:43  SCV  
  30  2:55  SCV  
  29  2:59  Command Center  
  29  3:05  Factory Reactor  
  29  3:08  SCV  
  30  3:16  Supply Depot  
  30  3:20  SCV  
  31  3:32  SCV  
  32  3:37  Command Center  
  32  3:44  SCV  
  33  3:50  Cyclone  
  33  3:51  Cyclone  
  39  3:58  SCV  
  39  4:10  SCV  
  39  4:12  Orbital Command  
  40  4:20  Barracks Reactor  
  40  4:22  Cyclone, SCV  
  40  4:23  Cyclone  
  47  4:34  SCV, Barracks  
  47  4:38  SCV  
  48  4:46  SCV  
  48  4:50  Orbital Command, SCV  
  50  4:54  Bunker  
  50  4:57  Marine x2  
  50  4:59  SCV  
  53  5:00  Widow Mine x2  
  53  5:02  SCV  
  58  5:08  Barracks  
  58  5:11  SCV  
  59  5:14  Engineering Bay, SCV  
  59  5:15  Marine x2  
  59  5:20  SCV  
  63  5:23  Barracks Tech Lab, SCV  
  63  5:26  Widow Mine, SCV  
  63  5:27  Widow Mine  
  69  5:34  Supply Depot, Marine x2  
  69  5:35  Supply Depot, SCV x2  
  72  5:38  SCV  
  72  5:39  Engineering Bay  
  72  5:47  SCV  
  73  5:50  Stimpack  
  73  5:54  Marine x2, Marauder  
  77  6:00  Starport  
  77  6:02  Widow Mine x2, Barracks Tech Lab  
  77  6:04  SCV  
  77  6:05  SCV x2  
  77  6:06  Terran Infantry Weapons Level 1  
  80  6:11  Terran Infantry Armor Level 1  
  80  6:13  Refinery  
  80  6:15  Refinery  
  80  6:24  SCV x2  
  80  6:25  Marine x2, Marauder x2  
  88  6:27  Combat Shields  
  88  6:30  Orbital Command  
  88  6:36  SCV x2  
  90  6:40  Factory Reactor  
  90  6:43  Marine x2  
  90  6:46  Marauder  
  90  6:47  Marauder  
  78  6:48  SCV x2  
  79  6:55  Medivac x2, Barracks  
  79  6:56  Barracks  
  79  7:00  SCV x3  
  80  7:04  Marine x2  
  80  7:08  Marauder x2  
  77  7:12  SCV x2  
  75  7:18  SCV  
  75  7:22  Marine  
  75  7:24  SCV x2  
  75  7:29  Marine, Marauder  
  81  7:31  Marauder  
  81  7:33  SCV  
  81  7:36  Supply Depot, SCV  
  81  7:37  SCV  
  86  7:38  Supply Depot  
  86  7:40  Medivac x2  
  86  7:42  Refinery  
  90  7:45  Refinery, SCV  
  90  7:46  Concussive Shells  
  90  7:48  SCV  
  90  7:50  Barracks Reactor, Barracks Tech Lab  
  92  7:54  SCV  
  92  7:58  SCV  
  94  8:00  Marine x2, SCV  
  94  8:01  Marauder x2  
  101  8:07  Widow Mine x2  
  101  8:09  SCV  
  101  8:10  Medivac, SCV  
  107  8:13  SCV  
  108  8:20  Supply Depot  
  108  8:21  Supply Depot  
  108  8:25  Armory  
  108  8:27  SCV  
  108  8:30  Ghost Academy  
  109  8:41  Medivac, Marine x3, SCV  
  109  8:42  Marauder  
  109  8:43  Widow Mine x2, Medivac, Marine, SCV, Marauder  
  125  8:52  Supply Depot  
  125  8:53  Supply Depot x2  
  125  8:54  Supply Depot x2  
  125  9:06  Liberator x2  
  125  9:13  Ghost x2, Marine x2  
  125  9:14  Marauder  
  125  9:15  Marine x2  
  141  9:27  Widow Mine x2  
  141  9:29  Supply Depot  
  141  9:30  Supply Depot  
  145  9:31  Marine  
  145  9:32  Supply Depot  
  145  9:33  Marine x2  
  145  9:34  Ghost  
  149  9:44  Command Center  
  149  9:47  Marine, Marauder x2  
  149  9:49  Marine  
  149  9:50  Widow Mine x2, Marine x2  
  161  10:04  Marauder  
  161  10:06  Medivac x2  
  167  10:08  Marine x2  
  167  10:09  Marine x2, Marauder x2  
  162  10:25  Marauder, Terran Infantry Armor Level 2, Terran Infantry Weapons Level 2  
  162  10:26  Marine x4  
  166  10:30  Widow Mine, Marauder x2  
  166  10:31  Widow Mine  
  174  10:42  Barracks  
  174  10:44  Barracks  
  174  10:45  Marine x4  
  174  10:47  Marauder  
  178  10:54  Barracks  
  178  10:56  Liberator x2  
  178  11:04  Marine x4, Marauder x2  
  182  11:08  Marauder  
  188  11:14  Widow Mine x2  
  188  11:24  Marine x2  
  188  11:25  Marine x2, Marauder  
  178  11:26  Marauder  
  178  11:29  Marauder  
  164  11:35  Barracks Tech Lab  
  164  11:36  Barracks Tech Lab  
  164  11:44  Starport  
  164  11:45  Barracks Reactor, Marine x4  
  172  11:47  Marauder x2  
  172  11:50  Widow Mine x2  
  172  11:51  Marauder  
  166  11:55  Viking  
  166  11:56  Viking  
  166  11:59  Terran Ship Weapons Level 1  
  158  12:06  Planetary Fortress  
  158  12:08  Refinery x2, Marauder  
  160  12:10  Marine x3, SCV x2  
  161  12:25  Marauder x3, Marine x3  
  161  12:26  Marauder  
  161  12:28  Marine x3  
  161  12:29  Marauder  
  177  12:33  Viking x2  
  181  12:39  Viking x2  
  183  12:47  SCV x2  
  183  12:48  SCV  
  178  12:52  Liberator  
  178  12:53  Liberator, Marauder x2  
  178  12:54  Liberator x2, Marauder x3, Marine x6  
  200  13:20  Terran Infantry Weapons Level 3  
  200  13:25  Terran Infantry Armor Level 3  
  193  13:35  Liberator x2  
  193  13:36  Liberator  
  193  13:37  Liberator  
  199  13:55  Marine  
  200  14:10  Terran Ship Weapons Level 2  
  179  14:18  Ghost x2, Liberator x2  
  179  14:19  Ghost, Marine x4  
  179  14:20  Marine x2, Marauder x2  
  128  14:37  Marine x6  
  140  14:40  Liberator x2  
  140  14:41  Marauder x2  
  144  14:48  Marauder x3  
  150  14:55  Marine x4  
  150  14:56  Sensor Tower  
  159  15:11  Liberator  
  157  15:17  Marauder x5, Marine x6  
  105  15:58  Marine x7, Marauder x4  
  105  16:03  Orbital Command  
  102  16:15  Marine x2  
  102  16:16  Marine, Marauder  
  102  16:19  Marauder x4  
  102  16:22  Marine x2  
  112  16:26  Orbital Command  
  112  16:39  Medivac  
  114  16:40  Medivac  
  114  16:46  Sensor Tower  
  116  16:57  Marine x6, Marauder x2  
  126  17:02  Refinery  
  118  17:09  Liberator x2  
  117  17:29  Refinery  
  123  17:45  Marauder x4  
  123  17:46  Marine x6  
  135  17:51  Medivac  
Show
View Real Time Build Order
Export as new Build Order

LiquidMaNa Protoss - Winner!

Build Orders: Oracle Opening 

Get SALT Encoding   

  12  0:00  Probe  
  13  0:12  Probe  
  14  0:17  Pylon  
  14  0:24  Probe  
  15  0:32  Probe  
  15  0:36  Gateway  
  15  0:40  Probe  
  16  0:46  Assimilator  
  17  0:50  Probe  
  18  0:58  Probe  
  19  1:07  Probe, Pylon  
  20  1:17  Probe  
  20  1:24  Zealot  
  20  1:25  Cybernetics Core  
  23  1:48  Nexus  
  23  1:51  Stalker  
  23  2:00  Assimilator  
  25  2:11  Probe  
  25  2:13  Warp Gate  
  26  2:21  Stalker  
  28  2:23  Probe  
  29  2:35  Pylon  
  29  2:39  Probe  
  30  2:48  Stargate  
  30  2:55  Probe  
  30  2:56  Stalker  
  33  3:01  Shield Battery  
  32  3:06  Probe  
  32  3:07  Probe  
  33  3:14  Probe  
  33  3:15  Probe  
  35  3:22  Probe  
  35  3:23  Probe  
  36  3:31  Oracle  
  36  3:33  Probe  
  40  3:36  Probe  
  42  3:42  Stalker  
  42  3:47  Probe  
  46  3:48  Probe  
  46  3:59  Probe  
  46  4:00  Probe  
  46  4:02  Gateway  
  48  4:04  Gateway  
  48  4:10  Oracle  
  48  4:15  Pylon  
  51  4:19  Probe x2  
  53  4:30  Assimilator  
  53  4:31  Probe  
  53  4:33  Probe  
  53  4:34  Pylon  
  55  4:43  Probe  
  55  4:45  Probe  
  57  4:49  Oracle  
  60  4:55  Stalker  
  60  4:56  Probe  
  60  4:57  Probe  
  60  4:59  Pylon  
  64  5:03  Stalker x2  
  64  5:06  Pylon  
  68  5:09  Probe x2  
  70  5:19  Nexus  
  70  5:29  Adept x3  
  70  5:35  Pylon  
  76  5:38  Probe x2  
  76  5:50  Probe x2, Twilight Council  
  76  5:51  Forge  
  76  5:54  Sentry x2  
  76  5:55  Sentry  
  84  6:02  Probe x2  
  86  6:06  Protoss Ground Weapons Level 1  
  86  6:10  Probe x2  
  86  6:12  Blink, Pylon x2  
  86  6:16  Assimilator  
  86  6:18  Zealot x2  
  92  6:19  Stalker  
  94  6:28  Probe x2  
  96  6:33  Probe  
  95  6:40  Probe x2  
  95  6:45  Probe  
  88  6:49  Stalker  
  88  6:50  Stalker x2  
  88  6:52  Probe x2  
  93  6:57  Probe  
  87  7:04  Probe  
  84  7:08  Probe  
  84  7:09  Probe  
  84  7:14  Stalker x3  
  84  7:16  Probe  
  84  7:18  Oracle  
  84  7:19  Gateway  
  84  7:20  Gateway, Probe  
  84  7:21  Probe  
  87  7:23  Gateway  
  87  7:26  Gateway  
  90  7:31  Gateway  
  90  7:32  Assimilator, Gateway  
  90  7:37  Adept x3  
  90  7:43  Probe x3  
  99  7:46  Pylon  
  99  7:47  Robotics Facility  
  98  7:53  Protoss Ground Armor Level 1  
  98  7:55  Probe  
  98  7:56  Shield Battery  
  99  7:59  Zealot x3  
  99  8:13  Charge  
  99  8:19  Probe x2  
  101  8:23  Zealot  
  101  8:24  Immortal, Stalker, Zealot x3  
  101  8:25  Stalker x2  
  115  8:29  Zealot x2  
  123  8:37  Shield Battery  
  123  8:39  Photon Cannon  
  123  8:45  Stalker  
  125  8:52  Photon Cannon  
  125  8:55  Pylon  
  125  8:59  Pylon  
  125  9:02  Robotics Bay  
  125  9:03  Robotics Facility  
  125  9:13  Assimilator  
  125  9:14  Immortal  
  125  9:17  Forge  
  125  9:22  Stalker x2  
  131  9:38  Photon Cannon  
  131  9:40  Photon Cannon  
  131  9:41  Protoss Ground Armor Level 2, Extended Thermal Lance  
  131  9:46  Pylon  
  131  9:47  Observer  
  131  9:48  Pylon  
  131  9:50  Nexus  
  131  9:51  Pylon  
  131  9:58  Pylon  
  132  10:08  Zealot x5  
  132  10:09  Zealot x3  
  132  10:10  Pylon  
  148  10:15  Colossus x2  
  150  10:29  Forge  
  150  10:32  Twilight Council  
  150  10:38  Photon Cannon  
  150  10:40  Shield Battery  
  150  10:42  Zealot x2  
  154  10:45  Probe  
  154  10:46  Probe  
  148  11:05  Zealot x8  
  150  11:21  Colossus  
  150  11:24  Immortal  
  134  11:28  Zealot x9  
  138  11:52  Zealot x7  
  147  12:00  Zealot x2  
  133  12:13  Stalker x4  
  133  12:14  Stalker  
  143  12:17  Disruptor  
  145  12:24  Sentry  
  145  12:26  Templar Archives  
  147  12:32  Zealot x3  
  153  12:43  Pylon  
  145  12:47  Stalker x4  
  143  12:53  Stalker  
  143  12:54  Disruptor  
  138  13:10  Nexus  
  138  13:11  High Templar x4  
  146  13:15  Archon x2, High Templar  
  146  13:16  High Templar x3  
  154  13:20  Archon x2  
  154  13:21  Disruptor  
  157  13:32  Disruptor  
  160  13:36  Pylon  
  154  13:46  Stalker x5  
  163  13:50  Stalker x3  
  169  13:57  Disruptor, Pylon  
  142  14:30  Nexus, High Templar x3  
  142  14:31  High Templar, Zealot  
  150  14:36  Archon x2  
  152  14:41  Zealot x2  
  152  14:45  High Templar, Sentry  
  160  14:46  Protoss Ground Armor Level 3  
  160  14:49  Pylon  
  160  14:55  Disruptor  
  163  15:30  High Templar x2, Zealot x3  
  163  15:34  Archon  
  152  15:58  Zealot x2  
  152  15:59  Stalker x4  
  154  16:15  Disruptor  
  155  16:22  Stalker x3  
  161  16:27  Nexus  
  161  16:30  Zealot x2  
  161  16:31  Zealot  
  167  16:34  Stalker  
  169  16:46  Pylon  
  169  16:58  Immortal x2  
  177  17:22  Zealot x8  
  193  17:28  Stalker  
  193  17:51  Stalker x5  
  200  17:59  Fleet Beacon  
  200  18:02  Stargate  
  180  18:25  Zealot x8  
Tags
 
Add a new tag
Caveats
  • Supply blocks, unpowered buildings, or Contaminate may cause inaccurate times.
  • Supply counts are checked every 10 seconds.